 Dungeon Crawl Stone Soup version 0.29-a0-322-g68df515428 (webtiles) character file.

Game seed: 17156425580778173953

62 Leszczynek the Chopper (level 4, 0/35 HPs)
             Began as a Human Gladiator on Apr 8, 2022.
             Was an Initiate of Okawaru.
             Slain by Terence
             ... wielding a +0 morningstar
              (11 damage)
             ... on level 2 of the Dungeon.
             The game lasted 00:03:56 (666 turns).

Leszczynek the Chopper (Human Gladiator)             Turns: 666, Time: 00:03:56

Health: 0/35       AC:  4    Str: 17    XL:     4   Next: 28%
Magic:  4/4        EV: 12    Int:  8    God:    Okawaru [......]
Gold:   83         SH:  0    Dex: 14    Spells: 3/3 levels left

rFire   . . .      SeeInvis .   a - +0 war axe
rCold   . . .      Faith    .   (no shield)
rNeg    . . .      Spirit   .   b - +0 leather armour
rPois   .          Reflect  .   c - +0 helmet
rElec   .          Harm     .   (no cloak)
rCorr   .          Rampage  .   (no gloves)
Will    .....                   (no boots)
Stlth   +.........              (no amulet)
HPRegen 0.11/turn               (no ring)
MPRegen 0.09/turn               (no ring)

@: no status effects
A: no striking features
a: Renounce Religion


You were on level 2 of the Dungeon.
You worshipped Okawaru.
Okawaru was noncommittal.
You visited 1 branch of the dungeon, and saw 4 of its levels.

You collected 83 gold pieces.

Inventory:

Hand Weapons
 a - a +0 war axe (weapon)
Missiles
 e - a javelin (quivered)
Armour
 b - a +0 leather armour (worn)
 c - a +0 helmet (worn)
Scrolls
 h - a scroll of teleportation {unknown}
 i - a scroll of identify {unknown}
 j - a scroll of immolation {unknown}
Potions
 f - a potion of curing {unknown}
 k - a potion of flight {unknown}
 l - 2 potions of lignification {unknown}


   Skills:
 * Level 3.0 Fighting
 * Level 3.6 Axes
 + Level 2.4 Throwing
 + Level 3.3 Dodging


You had 3 spell levels left.
You didn't know any spells.
Your spell library contained the following spells:

 Spells                   Type           Power      Damage    Failure   Level
 Freeze                   Ice            0%         1d3       47%         1
 Frozen Ramparts          Ice            0%         1d2       85%         3
 Hailstorm                Conj/Ice       0%         3d3       99%         4


Dungeon Overview and Level Annotations

Branches:
Dungeon (4/15)
 Temple: D:4-7

Altars:
Cheibriados
Okawaru
Ru
Trog
Vehumet
Wu Jian

Annotations:
D:2 Terence
D:3 Natasha
D:4 Edmund


Message History

Natasha, Servant of Life and Death comes into view.
You close the door.
A gnoll sergeant opens the door.
A gnoll comes into view. It is wielding a +0 whip.
Unknown command.
As you read the scroll labelled HOXUEC RUHANT, it crumbles to dust.
It is a scroll of amnesia.
You feel forgetful for a moment.
The gnoll throws a stone.
The stone hits you.
There is an open door here.
Natasha howls an incantation.
Natasha glows brightly for a moment.
There is a stone staircase leading up here.
You climb upwards.
Level annotation: Terence Terence hits you with a +0 morningstar!
There is a stone staircase leading down here.
Throw: throwing net
Press: ? - help, Q - select action, (/) - cycle Shift-Dir - straight line, f - Terence
Aim: Terence, wielding a +0 morningstar and wearing a +0 scale mail (64% to hit)
You throw a throwing net. The throwing net barely misses Terence.
Terence closely misses you.
Unknown command.
You closely miss Terence.
Terence screams, "I'm going to kill you!"
Terence closely misses you.
You slash Terence!
Terence is moderately wounded.
Terence screams, "I want your blood!" Terence completely misses you.
Terence hits you with a +0 morningstar.
You barely miss Terence.
Terence is moderately wounded.
Terence misses you.
You hit Terence.
Terence is heavily wounded.
Terence closely misses you.
You hit Terence but do no damage.
Terence is heavily wounded.
Terence hits you with a +0 morningstar!
You die...

.........#### ########.##..
#.##.#### ###########.##.#..#
#........[..##.#..#.#
#...................#
#..........###.#############
###..........###.#...........#
..'......(...'.@@#.###.#####.
###..........#####.# #.##
#####...##'#####.###..#
#...........##♣♣♣P♣.#
#...........# ♣♣....#
#...........# ♣...P##
#(..........# ♣.♣.♣#
#...........##♣.♣♣♣
#...........##..#


You could see Terence.

Vanquished Creatures
  A hound (D:3)
  A gnoll (D:3)
  An orc (D:4)
  2 ball pythons (D:3)
  2 endoplasms (D:3)
  2 giant cockroaches
  2 goblins
  3 hobgoblins
  A quokka (D:2)
  A frilled lizard (D:1)
  2 kobolds (D:3)
  3 rats
21 creatures vanquished.

Notes
Turn   | Place    | Note
-------+----------+-------------------------------------------
     0 | D:1      | Leszczynek the Human Gladiator began the quest for the Orb.
     0 | D:1      | Reached XP level 1. HP: 16/16 MP: 1/1
    93 | D:2      | HP: 3/16 [hobgoblin (2)]
   222 | D:2      | Noticed Terence
   287 | D:3      | Reached XP level 2. HP: 18/22 MP: 2/2
   361 | D:3      | Reached XP level 3. HP: 15/28 MP: 3/3
   404 | D:4      | Found a bloodstained altar of Trog.
   410 | D:4      | Found an iron altar of Okawaru.
   411 | D:4      | Found a radiant altar of Vehumet.
   415 | D:4      | Found a sacrificial altar of Ru.
   415 | D:4      | Found a snail-covered altar of Cheibriados.
   416 | D:4      | Found an ornate altar of the Wu Jian Council.
   417 | D:4      | Became a worshipper of Warmaster Okawaru
   483 | D:3      | Reached XP level 4. HP: 26/34 MP: 4/4
   509 | D:3      | Reached skill level 3 in Fighting
   541 | D:4      | Noticed Edmund
   617 | D:3      | Noticed Natasha
   622 | D:3      | Noticed a gnoll sergeant
   666 | D:2      | Slain by Terence

Illustrated notes

Levels and vault maps discovered:
D:1:      minmay_arrival_glassed_features, layout_basic,
          kennysheep_decorative_pillar
D:2:      layout_basic, serial_forest, infiniplex_forest_3_way,
          infiniplex_forest_clump_curved, infiniplex_forest_lined_room_2,
          infiniplex_forest_lined_2, infiniplex_forest_corner_1,
          infiniplex_forest_clump_C, infiniplex_forest_end_3,
          infiniplex_forest_straight_2, infiniplex_forest_lined_room_2,
          uniq_terence
D:3:      layout_basic, ebering_ecumenical_altar_abandoned, uniq_natasha
D:4:      layout_cave_pools, nicolae_overflow_hallway_of_the_gods,
          enter_ossuary_4, uniq_edmund, uniq_ijyb

Skill      XL: |  1  2  3  4 |
---------------+-------------+-----
Fighting       | 3 |  3.0
Axes           | |  3.6
Throwing       | |  2.4
Dodging        | |  3.3

Action                   |  1- 3 |  4- 6 || total
-------------------------+-------+-------++-------
Melee: War axe           |    45 |    18 ||    63
Throw: Throwing net      |     4 |     3 ||     7
  Use: Scroll            |       |     1 ||     1
 Stab: Sleeping          |     1 |       ||     1
Armor: Leather armour    |     9 |     1 ||    10
Dodge: Dodged            |    31 |    13 ||    44

Table legend: (Time is in decaauts)
 A = Elapsed time spent in this place.
 B = Non-inter-level travel time spent in this place.
 C = Inter-level travel time spent in this place.
 D = Time resting spent in this place.
 E = Time spent auto-exploring this place.
 F = Levels seen in this place.
 G = Mean time per level.
                   A        B        C        D        E       F      G
               +--------+--------+--------+--------+--------+-----+--------+
         Total |    688 |    677 |     11 |      0 |      0 |   4 |  172.0 |
       Dungeon |    688 |    677 |     11 |      0 |      0 |   4 |  172.0 |
               +--------+--------+--------+--------+--------+-----+--------+

Top non-repeatable levels by time:
     D:3: 324 daAuts
     D:2: 190 daAuts
     D:4: 100 daAuts
     D:1: 74 daAuts
